 Dungeon Crawl Stone Soup version 0.28.0-1-gb440e238dd (webtiles) character file.

Game seed: 9590619775014012404

97 buriedalive the Covered (level 4, -2/41 HPs)
             Began as a Minotaur Fighter on Feb 23, 2022.
             Slain by Sigmund (6 damage)
             ... on level 3 of the Dungeon on Feb 25, 2022.
             The game lasted 00:03:34 (1395 turns).

buriedalive the Covered (Minotaur Fighter)          Turns: 1395, Time: 00:03:35

Health: -2/41      AC:  9    Str: 22    XL:     4   Next: 42%
Magic:  3/3        EV:  7    Int:  5    God:
Gold:   41         SH:  4    Dex: 10    Spells: 3/3 levels left

rFire   . . .      SeeInvis .   a - +0 flail
rCold   . . .      Faith    .   c - +0 buckler
rNeg    . . .      Spirit   .   n - +0 chain mail
rPois   .          Reflect  .   (helmet restricted)
rElec   .          Harm     .   (no cloak)
rCorr   .          Rampage  .   (no gloves)
Will    .....                   (no boots)
Stlth   ..........              (no amulet)
HPRegen 0.13/turn               (no ring)
MPRegen 0.08/turn               (no ring)

@: brilliant, attractive, flying
A: horns 2, retaliatory headbutt
a: no special abilities


You were on level 3 of the Dungeon.
You visited 1 branch of the dungeon, and saw 3 of its levels.

You collected 41 gold pieces.

Inventory:

Hand Weapons
 a - a +0 flail (weapon)
Armour
 c - a +0 buckler (worn)
 n - a +0 chain mail (worn)
Wands
 m - a wand of acid (8)
Scrolls
 h - a scroll of summoning {unknown}
 j - a scroll of identify {unknown}
 l - a scroll of blinking {unknown}
Potions
 d - 2 potions of might
 f - a potion of curing
 g - a potion of flight
 k - a potion of degeneration {unknown}


   Skills:
 + Level 4.6 Fighting
 + Level 3.8 Maces & Flails
 + Level 4.7 Armour
 - Level 3.6 Shields


You had 3 spell levels left.
You didn't know any spells.
Your spell library contained the following spells:

 Spells                   Type           Power      Damage    Failure   Level
 Animate Skeleton         Necr           0%         N/A       99%         1
 Pain                     Necr           0%         1d4       99%         1
 Vampiric Draining        Necr           0%         2d6       100%        3


Dungeon Overview and Level Annotations

Branches:
Dungeon (3/15)

Altars:

Annotations:
D:3 Robin, Sigmund


Innate Abilities, Weirdness & Mutations

You have a pair of horns on your head.
You reflexively headbutt those who attack you in melee.


Message History

Robin roars a battlecry!
The hobgoblin goes into a battle-frenzy!
The gnoll hits you but does no damage. The gnoll barely misses you.
You barely miss the gnoll. You headbutt the gnoll.
You kill the gnoll!
The gnoll hits you from afar with a +0 halberd!
* * * LOW HITPOINT WARNING * * *
The gnoll barely misses you. You furiously retaliate!
You headbutt the gnoll!
Robin hits you from afar with a +1 spear of flaming.
* * * LOW HITPOINT WARNING * * *
Robin burns you.
* * * LOW HITPOINT WARNING * * *
Items here: )) [[ ††.
You thump the gnoll!
You kill the gnoll!
Robin hits you but does no damage.
You sock the hobgoblin!
You kill the hobgoblin!
A magic dart appears from out of thin air!
The magic dart hits you but does no damage.
Robin hits you but does no damage.
It was a potion of flight.
You feel very buoyant.
You fly up into the air.
Something hits you.
* * * LOW HITPOINT WARNING * * *
You are lethally poisoned!
Robin barely misses you.
You feel better.
Robin hits you from afar with a +1 spear of flaming.
* * * LOW HITPOINT WARNING * * *
Robin burns you.
* * * LOW HITPOINT WARNING * * *
You block something's attack.
It was a potion of brilliance.
You feel clever all of a sudden. Robin barely misses you.
It was a potion of attraction.
You feel attractive to monsters. Something hits you.
You die...

...............# ..
...............##.#
....g.............###
...g.....# .......
#g.....))# #..#.####
.........# #.....(.##
#...>....### #......(.<
.....###.g{###.........
..... ###g[@).........
.... ####<.........
.... ###........
#............
...............
#####...#......
......<....
............
.....##......


You could see Robin and a gnoll.

Vanquished Creatures
  2 gnolls (D:3)
  An adder (D:2)
  A worm (D:2)
  A dart slug (D:2)
  An orc (D:3)
  6 endoplasms
  A giant cockroach (D:2)
  10 goblins
  12 hobgoblins
  A kobold (D:3)
  3 quokkas
  4 ball pythons
  5 bats
  7 frilled lizards
  6 rats
61 creatures vanquished.

Notes
Turn   | Place    | Note
-------+----------+-------------------------------------------
     0 | D:1      | buriedalive the Minotaur Fighter began the quest for the
                  | Orb.
     0 | D:1      | Reached XP level 1. HP: 19/19 MP: 0/0
   229 | D:1      | Reached XP level 2. HP: 27/27 MP: 1/1
   907 | D:2      | Reached XP level 3. HP: 33/33 MP: 2/2
  1346 | D:3      | Noticed Robin
  1365 | D:3      | Reached XP level 4. HP: 19/41 MP: 3/3
  1370 | D:3      | Noticed Sigmund
  1395 | D:3      | Slain by Sigmund

Illustrated notes

Levels and vault maps discovered:
D:1:      dpeg_arrival_simpleton_a, layout_basic
D:2:      layout_rooms, st_stairs_14
D:3:      layout_rooms, slow_altar_1, nemelex_spade_bored_becter, serial_forest,
          infiniplex_forest_straight_5, infiniplex_forest_clump_small,
          infiniplex_forest_clump_small, infiniplex_forest_lined_corner,
          infiniplex_forest_clump_medium, uniq_sigmund, uniq_robin

Skill      XL: |  1  2 |
---------------+-------+-----
Armour         | 4 |  4.7
Fighting       | 4 |  4.6
Maces & Flails | 3 |  3.8
Shields        | |  3.6

Action                   |  1- 3 |  4- 6 || total
-------------------------+-------+-------++-------
Melee: Flail             |   120 |    24 ||   144
       Headbutt          |    14 |     2 ||    16
  Use: Potion            |       |     5 ||     5
Armor: Scale mail        |    48 |       ||    48
       Chain mail        |    17 |    31 ||    48
Dodge: Dodged            |    56 |    15 ||    71
Block: Buckler           |    35 |     4 ||    39
